 Dungeon Crawl Stone Soup version 0.31-a0-246-g8cbcc1cb85 (webtiles) character file.

Game seed: 17223391270466054079

322 garrulousMonolith the Digger (level 6, -1/44 HPs)
             Began as a Gnoll Earth Elementalist on July 12, 2023.
             Killed by nerve-wracking pain
             ... invoked by an orc priest
              (3 damage)
             ... on level 3 of the Dungeon.
             The game lasted 00:03:00 (2030 turns).

garrulousMonolith the Digger (GnEE)                 Turns: 2030, Time: 00:03:01

Health: -1/44      AC:  2    Str:  9    XL:     6   Next: 47%
Magic:  12/14      EV: 13    Int: 14    God:
Gold:   99         SH:  0    Dex: 13    Spells: 9/15 levels left

rFire   . . .        p - +2 dagger (freeze)
rCold   . . .        (no shield)
rNeg    + . .        a - +0 robe
rPois   +            (no helmet)
rElec   .            (no cloak)
rCorr   .            (no gloves)
SInv    .            (no boots)
Will    .....        (no amulet)
Stlth   +++          i - ring of poison resistance
HPRegen 0.27/turn    e - ring of positive energy
MPRegen 0.14/turn

%: no passive effects
@: on berserk cooldown, slowed, very slow
A: fangs 1, strong nose, distributed training
a: no special abilities


You were on level 3 of the Dungeon.
You visited 1 branch of the dungeon, and saw 3 of its levels.

You collected 99 gold pieces.

Inventory:

Hand Weapons
 p - a +2 dagger of freezing (weapon)
Missiles
 b - a throwing net
Armour
 a - a +0 robe (worn)
Jewellery
 e - a ring of positive energy (right hand)
 i - a ring of poison resistance (left hand)
Talismans
 h - a dragon-blood talisman
 r - a beast talisman
Scrolls
 c - 2 scrolls of brand weapon {unknown}
 d - 2 scrolls of noise {unknown}
 f - a scroll of silence {unknown}
 k - 4 scrolls of identify {unknown}
 m - a scroll of amnesia {unknown}
 n - a scroll of poison {unknown}
 t - a scroll of teleportation {unknown}
Potions
 g - a potion of curing {unknown}
 j - a potion of lignification {unknown}
 l - a potion of attraction {unknown}
 o - a potion of berserk rage
 q - a potion of brilliance {unknown}
 s - a potion of haste {unknown}
 u - 2 potions of heal wounds {unknown}
 v - a potion of cancellation {unknown}


   Skills:
 + Level 2.0 Fighting
 + Level 2.0 Short Blades
 + Level 2.0 Long Blades
 + Level 2.0 Axes
 + Level 2.0 Maces & Flails
 + Level 2.0 Polearms
 + Level 2.0 Staves
 + Level 2.0 Ranged Weapons
 + Level 2.0 Throwing
 + Level 2.0 Armour
 + Level 5.0 Dodging
 + Level 4.6 Stealth
 + Level 2.0 Shields
 + Level 2.0 Unarmed Combat
 + Level 5.4 Spellcasting
 + Level 1.6 Conjurations
 + Level 1.6 Hexes
 + Level 1.6 Summonings
 + Level 1.6 Necromancy
 + Level 1.6 Translocations
 + Level 2.6 Transmutations
 + Level 1.6 Fire Magic
 + Level 1.6 Ice Magic
 + Level 1.6 Air Magic
 + Level 5.7 Earth Magic
 + Level 1.6 Poison Magic
 + Level 2.2 Invocations
 + Level 2.0 Evocations
 + Level 1.6 Shapeshifting


You had 9 spell levels left.
You knew the following spells:

 Your Spells              Type           Power      Damage    Failure   Level
a - Sandblast             Erth           38%        2d10      1%          1
b - Stone Arrow           Conj/Erth      28%        3d8       11%         3
c - Passwall              Tmut/Erth      12%        N/A       4%          2

Your spell library contained the following spells:

 Spells                   Type           Power      Damage    Failure   Level
 Freeze                   Ice            32%        1d5       9%          1
 Dazzling Flash           Conj/Hex       16%        N/A       26%         3
 Frozen Ramparts          Ice            16%        1d3       26%         3
 Hailstorm                Conj/Ice       8%         3d4       26%         3
 Volatile Blastmotes      Fire/Tloc      16%        2d11      26%         3
 Petrify                  Tmut/Erth      15%        N/A       30%         4
 Starburst                Conj/Fire      4%         6d3       100%        6
 Maxwell's Capacitive Co  Air            4%         ∞         100%        8


Dungeon Overview and Level Annotations

Branches:
Dungeon (3/15)

Altars:


Innate Abilities, Weirdness & Mutations

You have very sharp teeth.
Your uncanny sense of smell can sniff out nearby items.
Your experience applies equally to all skills.


Message History

The orc wizard closely misses you.
The orc priest looks braver for a moment.
The orc barely misses you.
You hit the orc wizard. You freeze the orc wizard.
The orc wizard is heavily wounded.
The orc wizard misses you. The orc hits you with a +0 hand axe. x2
The orc wizard hits you with a +0 dagger.
The orc priest barely misses you.
You miss the orc wizard.
The orc wizard is heavily wounded.
You feel less confused. The orc priest closely misses you.
The orc wizard closely misses you. The orc barely misses you.
Casting: Sandblast (safe; 1% risk of failure)
Confirm with . or Enter, or press ? or * to list all spells.
Aiming: Sandblast (safe; 1% risk of failure)
Press: ? - help, Shift-Dir - straight line, f/p - orc wizard
Aim: an orc wizard, wielding a +0 dagger and wearing a +0 robe (heavily wounded, 77% to hit)
The blast of sand hits the orc wizard!
The orc wizard is almost dead.
The orc wizard closely misses you. The orc priest hits you with a +0 mace.
* * * LOW HITPOINT WARNING * * *
The orc closely misses you. The orc wizard misses you.
The orc closely misses you. The orc priest barely misses you.
Casting: Sandblast (safe; 1% risk of failure)
Confirm with . or Enter, or press ? or * to list all spells.
Aiming: Sandblast (safe; 1% risk of failure)
Press: ? - help, Shift-Dir - straight line, f/p - orc wizard
Aim: an orc wizard, wielding a +0 dagger and wearing a +0 robe (almost dead, 77% to hit)
The blast of sand hits the orc wizard!
You kill the orc wizard!
The orc priest hits you with a +0 mace.
* * * LOW HITPOINT WARNING * * *
The orc hits you with a +0 hand axe.
* * * LOW HITPOINT WARNING * * *
The orc closely misses you. The orc priest hits you with a +0 mace!
* * * LOW HITPOINT WARNING * * *
The orc priest invokes the aid of Beogh against you.
Pain shoots through your body!
You die...

#####. #.....###
........####++##
...............#
....)..........# #######
.....?.........# #.(....
...............# #......
.......o)...>..####......
.......o@.........#......
..............#...#......
#.....##......#..........
###### #####......##.....
#......#.....#
###....#..####
#.##...#####
###.#.........
####........#####


You could see an orc priest and an orc.

Vanquished Creatures
  Grinder (D:3)
  Terence (D:3)
  An orc wizard (D:3)
  3 gnolls (D:3)
  2 adders
  A worm (D:2)
  A dart slug (D:1)
  An orc (D:3)
  2 endoplasms (D:2)
  A giant cockroach (D:1)
  6 hobgoblins
  6 jackals
  4 kobolds (D:1)
  A quokka (D:1)
  2 ball pythons
  5 bats
  3 frilled lizards
  4 goblins
  3 rats (D:1)
48 creatures vanquished.

Notes
Turn   | Place    | Note
-------+----------+-------------------------------------------
     0 | D:1      | garrulousMonolith the Gnoll Earth Elementalist began the
                  | quest for the Orb.
     0 | D:1      | Reached XP level 1. HP: 13/13 MP: 6/6
   203 | D:1      | Reached XP level 2. HP: 19/19 MP: 5/7
   634 | D:1      | Reached skill level 5 in Spellcasting
   634 | D:1      | Reached XP level 3. HP: 25/25 MP: 6/9
   638 | D:1      | Learned a level 3 spell: Stone Arrow
   641 | D:1      | Learned a level 2 spell: Passwall
  1026 | D:2      | Reached skill level 1 in Invocations
  1201 | D:2      | Reached skill level 1 in Fighting
  1201 | D:2      | Reached skill level 1 in Short Blades
  1201 | D:2      | Reached skill level 1 in Long Blades
  1201 | D:2      | Reached skill level 1 in Axes
  1201 | D:2      | Reached skill level 1 in Maces & Flails
  1201 | D:2      | Reached skill level 1 in Polearms
  1201 | D:2      | Reached skill level 1 in Staves
  1201 | D:2      | Reached skill level 1 in Ranged Weapons
  1201 | D:2      | Reached skill level 1 in Throwing
  1201 | D:2      | Reached skill level 1 in Armour
  1201 | D:2      | Reached skill level 1 in Shields
  1201 | D:2      | Reached skill level 1 in Unarmed Combat
  1201 | D:2      | Reached skill level 1 in Evocations
  1521 | D:3      | Reached XP level 4. HP: 32/32 MP: 4/11
  1598 | D:3      | Reached skill level 1 in Conjurations
  1598 | D:3      | Reached skill level 1 in Hexes
  1598 | D:3      | Reached skill level 1 in Summonings
  1598 | D:3      | Reached skill level 1 in Necromancy
  1598 | D:3      | Reached skill level 1 in Translocations
  1598 | D:3      | Reached skill level 1 in Fire Magic
  1598 | D:3      | Reached skill level 1 in Ice Magic
  1598 | D:3      | Reached skill level 1 in Air Magic
  1598 | D:3      | Reached skill level 1 in Poison Magic
  1598 | D:3      | Reached skill level 1 in Shapeshifting
  1609 | D:3      | Noticed Terence
  1621 | D:3      | Killed Terence
  1622 | D:3      | Reached XP level 5. HP: 5/37 MP: 5/12
  1849 | D:3      | Noticed Grinder
  1852 | D:3      | Paralysed by Grinder for 2 turns
  1856 | D:3      | Killed Grinder
  1857 | D:3      | Reached skill level 5 in Dodging
  1857 | D:3      | Reached XP level 6. HP: 33/44 MP: 8/14
  2030 | D:3      | HP: 2/44 [orc priest/+0 mace (8)]
  2030 | D:3      | Killed from afar by an orc priest

Illustrated notes

Levels and vault maps discovered:
D:1:      minmay_arrival_four_houses, layout_loops_ring, serial_rivers,
          chequers_serial_rivers_micro_e, chequers_serial_rivers_micro_a,
          chequers_serial_rivers_micro_d, chequers_serial_rivers_marsh,
          hangedman_decor_riveting
D:2:      layout_basic
D:3:      layout_rooms, kennysheep_generic_room_7, uniq_ijyb, uniq_grinder,
          uniq_terence

Skill      XL: |  1  2  3  4  5 |
---------------+----------------+-----
Transmutations | 2 |  2.6
Spellcasting   | 5 |  5.4
Invocations    | 1 2 |  2.2
Fighting       | 1 2 |  2.0
Short Blades   | 1 2 |  2.0
Long Blades    | 1 2 |  2.0
Axes           | 1 2 |  2.0
Maces & Flails | 1 2 |  2.0
Polearms       | 1 2 |  2.0
Staves         | 1 2 |  2.0
Ranged Weapons | 1 2 |  2.0
Throwing       | 1 2 |  2.0
Armour         | 1 2 |  2.0
Shields        | 1 2 |  2.0
Unarmed Combat | 1 2 |  2.0
Evocations     | 1 2 |  2.0
Conjurations   | 1 |  1.6
Hexes          | 1 |  1.6
Summonings     | 1 |  1.6
Necromancy     | 1 |  1.6
Translocations | 1 |  1.6
Fire Magic     | 1 |  1.6
Ice Magic      | 1 |  1.6
Air Magic      | 1 |  1.6
Poison Magic   | 1 |  1.6
Shapeshifting  | 1 |  1.6
Dodging        | 5 |  5.0
Stealth        | |  4.6
Earth Magic    | |  5.7

Action                     |  1- 3 |  4- 6 || total
---------------------------+-------+-------++-------
  Melee: Dagger            |     1 |     4 ||     5
         Bite              |       |     1 ||     1
   Cast: Sandblast         |    52 |    25 ||    77
         Stone Arrow       |       |     2 ||     2
    Use: Potion            |       |     2 ||     2
 Armour: Robe              |     3 |     1 ||     4
  Dodge: Dodged            |    11 |    34 ||    45

Table legend: (Time is in decaauts)
 A = Elapsed time spent in this place.
 B = Non-inter-level travel time spent in this place.
 C = Inter-level travel time spent in this place.
 D = Time resting spent in this place.
 E = Time spent auto-exploring this place.
 F = Levels seen in this place.
 G = Mean time per level.
                   A        B        C        D        E       F      G
               +--------+--------+--------+--------+--------+-----+--------+
         Total |   2070 |   2011 |     59 |    188 |   1518 |   3 |  690.0 |
       Dungeon |   2070 |   2011 |     59 |    188 |   1518 |   3 |  690.0 |
               +--------+--------+--------+--------+--------+-----+--------+

Top non-repeatable levels by time:
     D:1: 1022 daAuts
     D:3: 582 daAuts
     D:2: 465 daAuts
